[Event "ICC tourney 2940 (30 10)"]
[Site "Internet Chess Club"]
[Date "2022.06.18"]
[Round "1"]
[White "MARKOVIC, GORAN:Goran21"]
[Black "BARANWAL, SUVAN:suvanba"]
[Result "1-0"]
[ICCResult "Black checkmated"]
[WhiteElo "1805"]
[BlackElo "1395"]
[Opening "Sicilian"]
[ECO "B50"]
[NIC "SI.01"]
[Time "12:00:42"]
[PlyCount "65"]
[TimeControl "1800+10"]

1. e4 c5 2. Nf3 d6 3. c3 Nf6 4. Be2 g6 5. O-O Bg7 6. Re1 O-O 7. Bf1 Nc6 8.
h3 d5 9. e5 Nd7 10. d4 e6 11. Na3 a6 12. Bg5 Qc7 13. Qd2 b5 14. Nc2 cxd4 15.
cxd4 Bb7 16. Rac1 Rac8 17. Ne3 Qb6 18. Ng4 f5 19. exf6 Nxf6 20. Bxf6 Bxf6
21. Rxe6 Bxd4 22. Rcxc6 Rxc6 23. Rxc6 Bxf2+ 24. Nxf2 Qxc6 25. Nd4 Qf6 26.
Qe3 Bc8 27. Be2 Bd7 28. Bg4 Re8 29. Qd2 Bxg4 30. Nxg4 Qb6 31. Qf2 Kh8 32.
Nh6 Qc5 33. Qf6# {Black checkmated} 1-0

[Event "ICC tourney 2940 (30 10)"]
[Site "Internet Chess Club"]
[Date "2022.06.18"]
[Round "1"]
[White "OPASKA, MICHAEL:mopaska1106"]
[Black "Mishra, Abhinav:acm9000"]
[Result "1-0"]
[ICCResult "Black resigns"]
[WhiteElo "1755"]
[BlackElo "1208"]
[Opening "QGD Slav: 3.Nf3"]
[ECO "D11"]
[NIC "SL.01"]
[Time "12:01:28"]
[PlyCount "57"]
[TimeControl "1800+10"]

1. d4 d5 2. c4 c6 3. Nf3 Nf6 4. g3 e6 5. Bg2 Bd6 6. O-O O-O 7. Nc3 Nbd7 8.
Qc2 h6 9. Rd1 b6 10. e4 dxe4 11. Nxe4 Nxe4 12. Qxe4 Nf6 13. Qxc6 Rb8 14. Qb5
a6 15. Qb3 Qc7 16. Be3 Bd7 17. Rac1 Qd8 18. Ne5 Be8 19. Qc3 Qc7 20. b4 a5
21. a3 Ba4 22. Re1 Rfc8 23. c5 bxc5 24. bxc5 Rb3 25. Qc4 Bxe5 26. dxe5 Rxa3
27. exf6 gxf6 28. Bxh6 Kh7 29. Qh4 {Black resigns} 1-0

[Event "ICC tourney 2940 (30 10)"]
[Site "Internet Chess Club"]
[Date "2022.06.18"]
[Round "1"]
[White "TAO, SIHAN:K06-16931716"]
[Black "West, Darryl L:Westman"]
[Result "1-0"]
[ICCResult "Black resigns"]
[WhiteElo "1894"]
[BlackElo "1574"]
[Opening "Scotch game"]
[ECO "C45"]
[NIC "SO.04"]
[Time "12:01:28"]
[PlyCount "83"]
[TimeControl "1800+10"]

1. e4 e5 2. Nf3 Nc6 3. d4 exd4 4. Nxd4 Nge7 5. Bc4 d6 6. Nc3 Nxd4 7. Qxd4
Nc6 8. Qd1 Be7 9. O-O O-O 10. Nd5 Be6 11. b3 Ne5 12. Nxe7+ Qxe7 13. Be2 Rad8
14. Bb2 f6 15. c4 c6 16. f4 Nf7 17. Bf3 d5 18. exd5 cxd5 19. cxd5 Bxd5 20.
Bxd5 Qc5+ 21. Qd4 Rxd5 22. Qxc5 Rxc5 23. Ba3 Rcc8 24. Bxf8 Kxf8 25. Rac1 Rd8
26. g3 Nh6 27. Rfd1 Rb8 28. Rc7 Nf5 29. Rdd7 a6 30. Rxb7 Rxb7 31. Rxb7 h5
32. Ra7 Nd4 33. Rxa6 Nf3+ 34. Kg2 Ne1+ 35. Kh3 Kf7 36. b4 Nd3 37. b5 Nf2+
38. Kg2 Ne4 39. b6 Nc5 40. Ra7+ Ke6 41. b7 Nd7 42. Ra8 {Black resigns} 1-0

[Event "ICC tourney 2940 (30 10)"]
[Site "Internet Chess Club"]
[Date "2022.06.18"]
[Round "1"]
[White "QI, JENNY:eevee11"]
[Black "DUBE, DANIEL:betterone76"]
[Result "1-0"]
[ICCResult "Black resigns"]
[WhiteElo "1448"]
[BlackElo "1850"]
[Opening "Caro-Kann: Tartakower (Nimzovich) variation"]
[ECO "B15"]
[NIC "CK.06"]
[Time "12:00:33"]
[PlyCount "91"]
[TimeControl "1800+10"]

1. e4 c6 2. d4 d5 3. Nc3 dxe4 4. Nxe4 Nf6 5. Nxf6+ exf6 6. c3 Bd6 7. Bd3 O-O
8. Qc2 Re8+ 9. Ne2 h5 10. O-O h4 11. h3 Nd7 12. Be3 Nf8 13. Rfe1 Bd7 14.
Rad1 Qc8 15. Nf4 Ne6 16. Qd2 Ng5 17. Bf1 Qc7 18. d5 c5 19. c4 Re4 20. Nd3
Bxh3 21. Bxg5 Rxe1 22. Rxe1 Bf5 23. Bf4 h3 24. Bxd6 Qxd6 25. Qf4 Qd7 26.
Nxc5 Qc8 27. gxh3 g5 28. Qe3 Kg7 29. Ne4 Qd7 30. Qf3 Rh8 31. Nc5 Qc8 32.
Nxb7 Bxh3 33. Nd6 Qd7 34. Bxh3 Qxd6 35. Qg2 Qb4 36. Rd1 Qxc4 37. d6 Qc2 38.
Bg4 f5 39. Bf3 g4 40. Bxg4 fxg4 41. Qxg4+ Kf6 42. d7 Rg8 43. d8=Q+ Rxd8 44.
Qh4+ Kg7 45. Qxd8 Qg6+ 46. Kf1 {Black resigns} 1-0

[Event "ICC tourney 2940 (30 10)"]
[Site "Internet Chess Club"]
[Date "2022.06.18"]
[Round "1"]
[White "NESAMANI, VIGNESHWARAN:MARMAYOGI11"]
[Black "GEVORGYAN, DAVIT:Davo29"]
[Result "1-0"]
[ICCResult "Black resigns"]
[WhiteElo "1968"]
[BlackElo "1715"]
[Opening "Bird's opening: Lasker variation"]
[ECO "A03"]
[NIC "VO.07"]
[Time "12:00:38"]
[PlyCount "87"]
[TimeControl "1800+10"]

1. f4 d5 2. Nf3 Nf6 3. e3 c5 4. b3 Nc6 5. Bb5 Bg4 6. O-O e6 7. Bb2 Bd6 8. d3
O-O 9. Bxc6 bxc6 10. Qc1 a5 11. Ne5 Bxe5 12. Bxe5 a4 13. Nd2 axb3 14. axb3
Rxa1 15. Qxa1 h6 16. Qa7 Qa8 17. Ra1 Qxa7 18. Rxa7 Bd1 19. Ra2 Rd8 20. Bxf6
gxf6 21. Kf2 e5 22. fxe5 fxe5 23. Ke1 Bg4 24. Ra5 Bd7 25. h3 f6 26. e4 Kf7
27. Rxc5 dxe4 28. dxe4 Rg8 29. Kf2 Ra8 30. Nf3 Ke7 31. Rc3 Ra5 32. Nd2 c5
33. Nc4 Rb5 34. Ne3 Bc6 35. Nf5+ Ke6 36. Ke3 Rb4 37. Rc4 Rb7 38. Rxc5 Be8
39. Nxh6 Rg7 40. Ng4 Bh5 41. Rc6+ Kd7 42. Ra6 Rg5 43. Nxf6+ Ke7 44. Nxh5
{Black resigns}
1-0

[Event "ICC tourney 2940 (30 10)"]
[Site "Internet Chess Club"]
[Date "2022.06.18"]
[Round "1"]
[White "LU, JOSHUA:qingjoshua"]
[Black "INDUKURI, SUHAS VARMA:Suhas12"]
[Result "1-0"]
[ICCResult "Black checkmated"]
[WhiteElo "1880"]
[BlackElo "1510"]
[Opening "English: London defensive system"]
[ECO "A11"]
[NIC "RE.04"]
[Time "12:00:34"]
[PlyCount "101"]
[TimeControl "1800+10"]

1. c4 c6 2. Nf3 Nf6 3. g3 d5 4. b3 Bf5 5. Bg2 e6 6. O-O Bd6 7. Bb2 O-O 8. d3
Nbd7 9. Nbd2 e5 10. a3 a5 11. b4 axb4 12. axb4 Rxa1 13. Bxa1 Bxb4 14. Nxe5
Nxe5 15. Bxe5 Bxd2 16. Qxd2 dxc4 17. Qf4 cxd3 18. Qxf5 dxe2 19. Re1 Qd2 20.
Qb1 Rd8 21. Bf3 Qd1 22. Rxd1 Rxd1+ 23. Qxd1 exd1=Q+ 24. Bxd1 b5 25. Kf1 Nd7
26. Bd6 c5 27. Ke2 f6 28. Kd2 Kf7 29. Bg4 Ne5 30. Be2 c4 31. f4 Nc6 32. Kc3
Ke6 33. Bc5 Kd5 34. Bf8 g6 35. Bf3+ Ke6 36. Bxc6 Kf5 37. h3 h5 38. Bd6 Ke6
39. Bc7 Kf5 40. Kd4 Ke6 41. Bxb5 g5 42. fxg5 fxg5 43. Bxc4+ Kf5 44. Bd3+ Ke6
45. Ke4 Kf6 46. Be5+ Kg6 47. Kd5+ Kh6 48. Bd6 g4 49. h4 Kg7 50. Ke5 Kh6 51.
Bf8# {Black checkmated} 1-0

[Event "ICC tourney 2940 (30 10)"]
[Site "Internet Chess Club"]
[Date "2022.06.18"]
[Round "1"]
[White "SARAFUDINOV, ANDREY:whyyoutrysohard"]
[Black "SHAWKAT, SAIF:saif-shawkat"]
[Result "0-1"]
[ICCResult "White resigns"]
[WhiteElo "1569"]
[BlackElo "1889"]
[Opening "Catalan opening"]
[ECO "E00"]
[NIC "CA.01"]
[Time "12:00:32"]
[PlyCount "82"]
[TimeControl "1800+10"]

1. d4 Nf6 2. c4 e6 3. g3 d5 4. Nf3 Bb4+ 5. Bd2 Be7 6. Bg2 O-O 7. O-O Nbd7 8.
Qc2 c6 9. Bf4 Ne4 10. Nbd2 g5 11. Be3 Nd6 12. cxd5 exd5 13. Nb1 Nb6 14. Nc3
Nbc4 15. Bc1 Bf5 16. Qd1 Bf6 17. b3 Nb6 18. Ne5 Re8 19. f4 gxf4 20. Bxf4 Bg7
21. e3 Bg6 22. Nxg6 hxg6 23. Qd3 Qe7 24. h4 Nf5 25. Rfe1 Rad8 26. Rad1 Nc8
27. Bg5 Bf6 28. Bxf6 Qxf6 29. e4 dxe4 30. Nxe4 Qg7 31. Bh3 Nce7 32. Bxf5
Nxf5 33. Re2 Nxd4 34. Nf6+ Qxf6 35. Rxe8+ Rxe8 36. Qxd4 Re1+ 37. Kh2 Re2+
38. Kh3 Qf5+ 39. Qg4 Rh2+ 40. Kxh2 Qxg4 41. Rd2 Kg7 {White resigns} 0-1

[Event "ICC tourney 2940 (30 10)"]
[Site "Internet Chess Club"]
[Date "2022.06.18"]
[Round "1"]
[White "TANG, VINCENT:VincentT2008"]
[Black "MURILLO, JAIME:Otelo"]
[Result "1-0"]
[ICCResult "Black resigns"]
[WhiteElo "1707"]
[BlackElo "1950"]
[Opening "QGD Slav: exchange variation, 6.Bf4 Bf5"]
[ECO "D14"]
[NIC "SL.01"]
[Time "12:00:35"]
[PlyCount "83"]
[TimeControl "1800+10"]

1. d4 d5 2. c4 c6 3. cxd5 cxd5 4. Nc3 Nf6 5. Nf3 Nc6 6. Bf4 Bf5 7. e3 a6 8.
a3 h6 9. Bd3 Bxd3 10. Qxd3 Nh5 11. Bg3 Nxg3 12. hxg3 e6 13. Rc1 Bd6 14. O-O
O-O 15. Na4 Na5 16. Nd2 b5 17. Nc5 Qe7 18. b4 Nc4 19. Nxc4 dxc4 20. Qc3 a5
21. Ra1 a4 22. Rad1 Rfd8 23. Rfe1 e5 24. Qc2 Ra7 25. Qf5 g6 26. Qf3 Re8 27.
Qc6 Rb8 28. Ne4 Bc7 29. d5 Bd8 30. d6 Qb7 31. Qe8+ Kg7 32. Qxe5+ f6 33. Qe6
Qf7 34. Qxf7+ Kxf7 35. Rd5 f5 36. Nc5 Bf6 37. Re2 Rd8 38. f3 Ba1 39. e4 fxe4
40. fxe4 Kf6 41. Rf2+ Kg7 42. Ne6+ {Black resigns} 1-0

[Event "ICC tourney 2940 (30 10)"]
[Site "Internet Chess Club"]
[Date "2022.06.18"]
[Round "1"]
[White "RAMKUMAR, NIKHIL:nikhilramkumar"]
[Black "S.M, UMER:uncrackable"]
[Result "0-1"]
[ICCResult "White forfeits on time"]
[WhiteElo "1245"]
[BlackElo "1800"]
[Opening "Sicilian: closed"]
[ECO "B23"]
[NIC "SI.44"]
[Time "12:00:44"]
[PlyCount "80"]
[TimeControl "1800+10"]

1. e4 c5 2. Nc3 e6 3. g3 Nc6 4. Bg2 g6 5. f4 Bg7 6. Nge2 Nge7 7. d3 d5 8.
Bd2 O-O 9. O-O a6 10. a3 dxe4 11. dxe4 b6 12. e5 Bb7 13. Ne4 Nf5 14. g4 Nfd4
15. N2c3 Rb8 16. Nd6 Ba8 17. Nce4 Nxe5 18. fxe5 Bxe5 19. Nc4 Bg7 20. g5 Bxe4
21. Bxe4 Nf5 22. Bf4 e5 23. Qxd8 Rbxd8 24. Nxe5 Rd4 25. Bxf5 Rxf4 26. Rxf4
Bxe5 27. Re4 Bxb2 28. Rb1 gxf5 29. Ra4 Bd4+ 30. Kf1 f4 31. Rxb6 f3 32. Raxa6
f2 33. Rb1 Re8 34. Rc6 Re5 35. Rb8+ Kg7 36. Rb1 Rxg5 37. Ke2 Re5+ 38. Kf1
Re3 39. Rc1 Rxa3 40. c3 Be3 {White forfeits on time} 0-1

[Event "ICC tourney 2940 (30 10)"]
[Site "Internet Chess Club"]
[Date "2022.06.18"]
[Round "1"]
[White "BORGE, RONALD:LOCHAR"]
[Black "WILLY, STEPHEN:stephenwilly"]
[Result "0-1"]
[ICCResult "White resigns"]
[WhiteElo "1594"]
[BlackElo "1897"]
[Opening "English opening"]
[ECO "A13"]
[NIC "EO.64"]
[Time "12:00:39"]
[PlyCount "112"]
[TimeControl "1800+10"]

1. c4 e6 2. Nc3 d5 3. cxd5 exd5 4. d4 c6 5. Qc2 g6 6. e3 Bf5 7. Bd3 Bxd3 8.
Qxd3 Bg7 9. Nf3 Nf6 10. O-O O-O 11. Ne5 Ne8 12. f4 Nd6 13. b3 Re8 14. Bd2
Qc8 15. Rac1 Qf5 16. g4 Qxd3 17. Nxd3 Nd7 18. Nf2 Nf6 19. Kg2 Nfe4 20. Nfxe4
Nxe4 21. Nxe4 Rxe4 22. Kf3 Rae8 23. Rfe1 Bf6 24. Bb4 g5 25. f5 Kg7 26. a4 h5
27. h3 Rh8 28. Rh1 Kh6 29. a5 Kg7 30. Bc5 a6 31. Rcg1 Rhe8 32. Re1 Be7 33.
b4 Bd8 34. Rhg1 Bc7 35. Rh1 Bf4 36. exf4 Rxe1 37. Rxe1 Rxe1 38. fxg5 h4 39.
Bd6 Rc1 40. Be5+ Kh7 41. Kf4 Rc3 42. g6+ fxg6 43. f6 Kg8 44. Kg5 Rxh3 45.
Kxg6 Rf3 46. g5 h3 47. Kh6 h2 48. Bxh2 Rh3+ 49. Kg6 Rxh2 50. Kf5 Rh4 51. g6
Rxd4 52. Kg5 Rd1 53. Kh6 Rh1+ 54. Kg5 d4 55. Kf5 d3 56. Ke6 d2 {White
resigns} 0-1

[Event "ICC tourney 2940 (30 10)"]
[Site "Internet Chess Club"]
[Date "2022.06.18"]
[Round "1"]
[White "SCHENK, SAM:SupaHotFiya"]
[Black "PRIYADARSHI, VED:ved2006"]
[Result "1-0"]
[ICCResult "Black resigns"]
[WhiteElo "1906"]
[BlackElo "1603"]
[Opening "French: Tarrasch, open variation"]
[ECO "C07"]
[NIC "FR.18"]
[Time "12:00:33"]
[PlyCount "117"]
[TimeControl "1800+10"]

1. e4 e6 2. d4 d5 3. Nd2 c5 4. Ngf3 Nf6 5. exd5 Qxd5 6. Bc4 Qd8 7. dxc5 Bxc5
8. Qe2 Nc6 9. O-O O-O 10. Ne4 Nd4 11. Nxd4 Qxd4 12. Nxf6+ Qxf6 13. Bd3 Bb6
14. Qe4 g6 15. Bf4 Qd4 16. Qf3 Qg7 17. Rfe1 Bd4 18. c3 Bf6 19. Qe3 Rd8 20.
Rad1 Bd7 21. Be4 Bc6 22. Bxc6 bxc6 23. Bh6 Qh8 24. g4 Be7 25. Bf4 Qf6 26.
Bg3 Qg5 27. Qe4 Rd5 28. c4 Rxd1 29. Rxd1 Rd8 30. Rxd8+ Bxd8 31. Qxc6 Bb6 32.
b4 Kg7 33. c5 Bd8 34. Qd7 a5 35. c6 axb4 36. c7 Bxc7 37. Qxc7 Qxg4 38. Qe5+
Kg8 39. Kg2 Qc4 40. Qb8+ Kg7 41. Be5+ Kh6 42. Bf4+ g5 43. Qf8+ Kg6 44. Qg8+
Kf5 45. Qxg5+ Ke4 46. Qe5+ Kd3 47. Qe3+ Kc2 48. Qc1+ Kd3 49. Qf1+ Kd4 50.
Be5+ Kd5 51. Qxc4+ Kxc4 52. Kg3 b3 53. axb3+ Kxb3 54. Kg4 Kc4 55. Kg5 Kd5
56. f4 Ke4 57. Kf6 h5 58. Kg5 h4 59. Kf6 {Black resigns} 1-0

[Event "ICC tourney 2940 (30 10)"]
[Site "Internet Chess Club"]
[Date "2022.06.18"]
[Round "2"]
[White "MARKOVIC, GORAN:Goran21"]
[Black "NESAMANI, VIGNESHWARAN:MARMAYOGI11"]
[Result "0-1"]
[ICCResult "White resigns"]
[WhiteElo "1805"]
[BlackElo "1968"]
[Opening "Ruy Lopez: 5.O-O"]
[ECO "C78"]
[NIC "RL.12"]
[Time "14:00:19"]
[PlyCount "100"]
[TimeControl "1800+10"]

1. e4 e5 2. Nf3 Nc6 3. Bb5 a6 4. Ba4 Nf6 5. O-O b5 6. Bb3 Bc5 7. c3 d6 8. h3
O-O 9. a4 Bb7 10. d3 h6 11. Re1 Bb6 12. Nh4 Na5 13. Nf5 Nxb3 14. Qxb3 Kh7
15. a5 Ba7 16. Be3 c5 17. Nd2 Qd7 18. Qd1 d5 19. f3 dxe4 20. dxe4 c4 21.
Bxa7 Rxa7 22. Qe2 Bc8 23. Nf1 Qc7 24. N1e3 g6 25. Ng3 Rd8 26. Ngf1 Qc5 27.
Kh2 Rad7 28. Rad1 Qc7 29. Rxd7 Rxd7 30. Ra1 Rd3 31. Ng4 Nh5 32. g3 Qd6 33.
Nge3 Be6 34. Rd1 f5 35. Nd5 fxe4 36. fxe4 Bxd5 37. Rxd3 cxd3 38. Qxd3 Qf6
39. exd5 Qf2+ 40. Kh1 e4 41. Qe3 Qxf1+ 42. Kh2 Qd3 43. Qa7+ Ng7 44. Qd4 Qxd4
45. cxd4 Nf5 46. g4 Nxd4 47. d6 Kg7 48. d7 Nc6 49. d8=Q Nxd8 50. Kg3 g5
{White resigns}
0-1

[Event "ICC tourney 2940 (30 10)"]
[Site "Internet Chess Club"]
[Date "2022.06.18"]
[Round "2"]
[White "WILLY, STEPHEN:stephenwilly"]
[Black "TANG, VINCENT:VincentT2008"]
[Result "1-0"]
[ICCResult "Black resigns"]
[WhiteElo "1897"]
[BlackElo "1707"]
[Opening "Ponziani: Jaenisch counter-attack"]
[ECO "C44"]
[NIC "KP.05"]
[Time "14:00:44"]
[PlyCount "41"]
[TimeControl "1800+10"]

1. e4 e5 2. Nf3 Nc6 3. c3 Nf6 4. d4 exd4 5. e5 Nd5 6. Bc4 Nb6 7. Bb3 d6 8.
O-O Be7 9. exd6 Qxd6 10. h3 Bf5 11. cxd4 Qg6 12. Re1 Bxh3 13. Ng5 O-O 14.
Nxh3 Rad8 15. Bc2 Qd6 16. Be3 Bf6 17. Ng5 Bxg5 18. Bxg5 f6 19. Qh5 h6 20.
Bxh6 gxh6 21. Qg6+ {Black resigns} 1-0

[Event "ICC tourney 2940 (30 10)"]
[Site "Internet Chess Club"]
[Date "2022.06.18"]
[Round "2"]
[White "INDUKURI, SUHAS VARMA:Suhas12"]
[Black "Doan Giang, Nguyen Doan:Doctorstrange04"]
[Result "0-1"]
[ICCResult "White checkmated"]
[WhiteElo "1510"]
[BlackElo "1750"]
[Opening "Sicilian: accelerated fianchetto, Maróczy bind"]
[ECO "B36"]
[NIC "SI.33"]
[Time "14:00:23"]
[PlyCount "88"]
[TimeControl "1800+10"]

1. e4 c5 2. Nf3 Nc6 3. d4 cxd4 4. Nxd4 g6 5. c4 Nf6 6. Nc3 d6 7. f3 Nxd4 8.
Qxd4 Bg7 9. Qd1 O-O 10. Be3 a5 11. Be2 a4 12. Nxa4 Qa5+ 13. Nc3 Be6 14. O-O
Rfc8 15. Nd5 Bxd5 16. cxd5 Nd7 17. Bd4 Bxd4+ 18. Qxd4 Rc2 19. Bd3 Rd2 20.
Rfd1 Rxd1+ 21. Rxd1 Qxa2 22. Rc1 Nc5 23. Bc4 Qa4 24. Qc3 b5 25. Be2 b4 26.
Qc4 Qa7 27. Kh1 b3 28. Bd1 Rb8 29. Rc3 Qa1 30. Rc1 Qxb2 31. h3 Qd2 32. Rb1
b2 33. Qc2 Qd4 34. Be2 Na4 35. Bc4 Nc3 36. Rxb2 Rxb2 37. Qxb2 Qxc4 38. Qb8+
Kg7 39. Qd8 Qf1+ 40. Kh2 Ne2 41. h4 h5 42. Qb6 Qe1 43. Qb2+ f6 44. Qb6 Qxh4#
{White checkmated}
0-1

[Event "ICC tourney 2940 (30 10)"]
[Site "Internet Chess Club"]
[Date "2022.06.18"]
[Round "2"]
[White "DUBE, DANIEL:betterone76"]
[Black "SARAFUDINOV, ANDREY:whyyoutrysohard"]
[Result "0-1"]
[ICCResult "White resigns"]
[WhiteElo "1850"]
[BlackElo "1569"]
[Opening "Sicilian: Canal-Sokolsky attack, 3...Bd7"]
[ECO "B52"]
[NIC "SI.01"]
[Time "14:00:21"]
[PlyCount "94"]
[TimeControl "1800+10"]

1. e4 c5 2. Nf3 d6 3. Bb5+ Bd7 4. Bxd7+ Nxd7 5. d4 cxd4 6. Qxd4 Ngf6 7. O-O
g6 8. e5 dxe5 9. Nxe5 Nxe5 10. Qxe5 Bg7 11. Nc3 O-O 12. Rd1 Qe8 13. Nb5 Qc6
14. Nd4 Qe4 15. Qxe4 Nxe4 16. Be3 Rfd8 17. c3 a6 18. Nf3 Nd6 19. Bd4 Bxd4
20. Nxd4 Rd7 21. b3 Ne4 22. Ne2 Rad8 23. Rxd7 Rxd7 24. f3 Nc5 25. Kf1 e5 26.
b4 Nd3 27. Rd1 f5 28. Nc1 Nc5 29. Rxd7 Nxd7 30. Ke2 Kf7 31. Ke3 Ke6 32. Nb3
Kd5 33. Nd2 b5 34. Kd3 Nb6 35. Nb3 e4+ 36. fxe4+ fxe4+ 37. Kc2 Na4 38. Na5
e3 39. Kd3 e2 40. Kxe2 Nxc3+ 41. Kf3 Nxa2 42. Kg4 Nxb4 43. Kg5 Nc6 44. Nb3
a5 45. Kh6 a4 46. Nc1 b4 47. Kxh7 b3 {White resigns} 0-1

[Event "ICC tourney 2940 (30 10)"]
[Site "Internet Chess Club"]
[Date "2022.06.18"]
[Round "2"]
[White "S.M, UMER:uncrackable"]
[Black "SCHENK, SAM:SupaHotFiya"]
[Result "0-1"]
[ICCResult "White resigns"]
[WhiteElo "1800"]
[BlackElo "1906"]
[Opening "Dutch: Leningrad, main variation"]
[ECO "A87"]
[NIC "HD.06"]
[Time "14:00:25"]
[PlyCount "43"]
[TimeControl "1800+10"]

1. d4 g6 2. Nf3 Bg7 3. g3 f5 4. Bg2 Nf6 5. c4 O-O 6. O-O d6 7. Nc3 Qe8 8. e4
fxe4 9. Ng5 Nc6 10. Be3 e5 11. dxe5 Nxe5 12. Ncxe4 Nxe4 13. Bxe4 h6 14. Bd5+
Kh8 15. h4 hxg5 16. hxg5 Bg4 17. f3 Nxf3+ 18. Rxf3 Bxf3 19. Kh2 Bxd1 20.
Rxd1 Qxe3 21. Rh1 Qxg5 22. Kg2+ {White resigns} 0-1

[Event "ICC tourney 2940 (30 10)"]
[Site "Internet Chess Club"]
[Date "2022.06.18"]
[Round "2"]
[White "GEVORGYAN, DAVIT:Davo29"]
[Black "BARANWAL, SUVAN:suvanba"]
[Result "0-1"]
[ICCResult "White checkmated"]
[WhiteElo "1715"]
[BlackElo "1395"]
[Opening "Sicilian: Canal-Sokolsky attack, Sokolsky variation"]
[ECO "B52"]
[NIC "SI.01"]
[Time "14:00:18"]
[PlyCount "134"]
[TimeControl "1800+10"]

1. e4 c5 2. Nf3 d6 3. Bb5+ Bd7 4. Bxd7+ Qxd7 5. c4 Nf6 6. Nc3 Nc6 7. d4 cxd4
8. Nxd4 g6 9. f3 Bg7 10. Be3 O-O 11. Qd2 a6 12. Rc1 Rac8 13. b3 Nxd4 14.
Bxd4 b5 15. cxb5 axb5 16. O-O Qb7 17. a4 bxa4 18. bxa4 Nd7 19. Bxg7 Kxg7 20.
Nd5 Nc5 21. Rb1 Qa7 22. Nb6 Rc6 23. a5 Nd7 24. Kh1 Kg8 25. Nxd7 Qxd7 26. Rb5
Rfc8 27. Rfb1 Rc2 28. Qd1 Qa7 29. Rb8 Rxb8 30. Rxb8+ Qxb8 31. Qxc2 Qb4 32.
h3 Qxa5 33. Qc8+ Kg7 34. Qc4 Qa1+ 35. Kh2 Qe5+ 36. Kg1 Qc5+ 37. Qxc5 dxc5
38. Kf2 Kf6 39. Ke3 Ke5 40. f4+ Kd6 41. Kd3 e5 42. g3 f6 43. h4 h6 44. Kc3
exf4 45. gxf4 g5 46. e5+ fxe5 47. hxg5 hxg5 48. fxg5 Ke6 49. Kc4 Kf5 50.
Kxc5 Kxg5 51. Kc4 Kf4 52. Kd3 Kf3 53. Kd2 e4 54. Ke1 Ke3 55. Kd1 Kf2 56. Kd2
e3+ 57. Kd3 e2 58. Kd4 e1=Q 59. Kd5 Qe3 60. Kc6 Qd4 61. Kc7 Qd5 62. Kb8 Qd7
63. Ka8 Ke3 64. Kb8 Kd4 65. Ka8 Kc5 66. Kb8 Kb6 67. Ka8 Qd8# {White
checkmated} 0-1

[Event "ICC tourney 2940 (30 10)"]
[Site "Internet Chess Club"]
[Date "2022.06.18"]
[Round "2"]
[White "Mishra, Abhinav:acm9000"]
[Black "BORGE, RONALD:LOCHAR"]
[Result "0-1"]
[ICCResult "White resigns"]
[WhiteElo "1208"]
[BlackElo "1594"]
[Opening "Queen's Pawn"]
[ECO "A41"]
[NIC "QO.17"]
[Time "14:00:24"]
[PlyCount "88"]
[TimeControl "1800+10"]

1. d4 d6 2. Nc3 Nf6 3. Bf4 c6 4. e3 Bf5 5. f3 Nh5 6. g4 Nxf4 7. exf4 Bc8 8.
Bd3 Qb6 9. Qc1 Qxd4 10. Qd2 Nd7 11. Nge2 Qb6 12. O-O-O Nc5 13. Bc4 e6 14.
Nd4 d5 15. Bd3 Bd6 16. h4 Nxd3+ 17. Qxd3 Bxf4+ 18. Kb1 Bd7 19. Rde1 O-O-O
20. Na4 Qa5 21. Nc3 c5 22. Nb3 Qb6 23. Ne2 Bc7 24. Qc3 c4 25. Nbd4 e5 26.
Nf5 Bxf5 27. gxf5 f6 28. Rhg1 Rd7 29. f4 Qc6 30. Rd1 d4 31. Qh3 Re8 32. Ng3
e4 33. Rge1 Bxf4 34. Ne2 Be5 35. Rg1 Kb8 36. h5 h6 37. Ka1 d3 38. cxd3 cxd3
39. Rc1 Qb6 40. Nc3 Bxc3 41. bxc3 d2 42. Qh2+ Qc7 43. Qxc7+ Kxc7 44. Rcd1 e3
{White resigns}
0-1

[Event "ICC tourney 2940 (30 10)"]
[Site "Internet Chess Club"]
[Date "2022.06.18"]
[Round "2"]
[White "MURILLO, JAIME:Otelo"]
[Black "YUAN, SERENA:doudou2011"]
[Result "1-0"]
[ICCResult "Black resigns"]
[WhiteElo "1950"]
[BlackElo "1641"]
[Opening "QGD: 4.Nf3"]
[ECO "D37"]
[NIC "QP.08"]
[Time "14:00:18"]
[PlyCount "111"]
[TimeControl "1800+10"]

1. d4 d5 2. c4 e6 3. Nf3 Nf6 4. Nc3 Be7 5. e3 O-O 6. Bd3 b6 7. cxd5 Nxd5 8.
Nxd5 exd5 9. O-O Be6 10. Bd2 c5 11. dxc5 bxc5 12. b3 c4 13. bxc4 dxc4 14.
Be4 Bd5 15. Bxd5 Qxd5 16. Bc3 Qxd1 17. Rfxd1 Na6 18. Rab1 Rab8 19. Nd4 Rxb1
20. Rxb1 Rb8 21. Rxb8+ Nxb8 22. Kf1 Nd7 23. Ke2 a6 24. Nc6 Ba3 25. Na5 Nc5
26. Nxc4 Ne4 27. Bd4 Bb4 28. a3 Be7 29. f3 Nd6 30. Nxd6 Bxd6 31. a4 Bxh2 32.
Kd3 Bd6 33. Kc4 g6 34. Bc5 Bc7 35. Kd5 f5 36. Kc6 Bd8 37. Kb7 Kf7 38. Kxa6
Ke6 39. Bb6 Be7 40. a5 Bb4 41. Kb7 Bxa5 42. Bxa5 Kd5 43. Kc7 Kc4 44. g4 fxg4
45. fxg4 Kd3 46. Bb6 Ke4 47. g5 Kf5 48. Kd6 Ke4 49. Ke6 Kf3 50. Kf6 Ke4 51.
Kg7 Kf5 52. Kh6 Kg4 53. Bc7 Kf5 54. Bf4 Kg4 55. Kxh7 Kf5 56. Kg7 {Black
resigns} 1-0

[Event "ICC tourney 2940 (30 10)"]
[Site "Internet Chess Club"]
[Date "2022.06.18"]
[Round "2"]
[White "PRIYADARSHI, VED:ved2006"]
[Black "RAMKUMAR, NIKHIL:nikhilramkumar"]
[Result "1-0"]
[ICCResult "Black forfeits on time"]
[WhiteElo "1603"]
[BlackElo "1245"]
[Opening "QGD semi-Slav: Chigorin defense"]
[ECO "D45"]
[NIC "SL.08"]
[Time "14:07:04"]
[PlyCount "49"]
[TimeControl "1800+10"]

1. d4 Nf6 2. Nf3 c6 3. c4 d5 4. Nc3 e6 5. e3 Bd6 6. Bd3 Nbd7 7. O-O h6 8. b3
dxc4 9. bxc4 O-O 10. e4 e5 11. d5 c5 12. Nb5 Nb6 13. a4 a6 14. Nxd6 Qxd6 15.
Qb3 a5 16. Rb1 Ra6 17. Bb2 Bd7 18. Bxe5 Qe7 19. Ra1 Bg4 20. Bg3 Nh5 21. Nd2
Nxg3 22. hxg3 Rd8 23. Qc3 h5 24. f3 Bd7 25. Bc2 {Black forfeits on time} 1-0

[Event "ICC tourney 2940 (30 10)"]
[Site "Internet Chess Club"]
[Date "2022.06.18"]
[Round "2"]
[White "SHAWKAT, SAIF:saif-shawkat"]
[Black "QI, JENNY:eevee11"]
[Result "1-0"]
[ICCResult "Black checkmated"]
[WhiteElo "1889"]
[BlackElo "1448"]
[Opening "Scandinavian defense"]
[ECO "B01"]
[NIC "SD.03"]
[Time "14:00:19"]
[PlyCount "131"]
[TimeControl "1800+10"]

1. e4 d5 2. exd5 Nf6 3. d4 Bg4 4. Bb5+ c6 5. dxc6 Qa5+ 6. Nc3 bxc6 7. Be2
Bxe2 8. Nxe2 e6 9. O-O Be7 10. Ng3 O-O 11. Nce2 Rd8 12. Qe1 Qc7 13. Bd2 a5
14. c4 Qb6 15. Bc3 c5 16. dxc5 Qxc5 17. Rc1 Nc6 18. b3 Nb4 19. Bxb4 axb4 20.
Rc2 Ra6 21. Nc1 Nh5 22. Nxh5 Qxh5 23. Qe2 Qxe2 24. Nxe2 Rda8 25. Nc1 Bg5 26.
f4 Bf6 27. Kf2 Bc3 28. Rd1 g6 29. Ke2 Bg7 30. Rcd2 Bc3 31. Rd7 Bb2 32. R7d2
Bxc1 33. Rxc1 Rxa2 34. c5 Rxd2+ 35. Kxd2 Kf8 36. Kd3 Ke7 37. Kc4 Rb8 38. Ra1
h5 39. Ra7+ Ke8 40. Ra4 Kd7 41. Rxb4 Rxb4+ 42. Kxb4 Kc6 43. Kc4 f6 44. b4 e5
45. fxe5 fxe5 46. b5+ Kc7 47. Kd5 g5 48. Kxe5 g4 49. Kf5 Kb7 50. Kg5 Kc7 51.
Kxh5 g3 52. hxg3 Kc8 53. g4 Kd7 54. g5 Ke7 55. g6 Kf6 56. b6 Ke7 57. b7 Kd7
58. b8=Q Ke6 59. Qd6+ Kf5 60. g4+ Ke4 61. c6 Ke3 62. c7 Ke2 63. Qa3 Kf1 64.
Qb2 Kg1 65. c8=R Kh1 66. Rc1# {Black checkmated} 1-0